 Dungeon Crawl Stone Soup version 0.28.0-45-g0d030f2227 (webtiles) character file.

Game seed: 9823397213261789171

862097 RepoMan the Slayer (level 27, -7/192 HPs)
             Began as a Gargoyle Venom Mage on Apr 15, 2022.
             Was a High Priest of Elyvilon.
             Mangled by a tentacled monstrosity (9 damage)
             ... on level 1 of the Realm of Zot on Apr 19, 2022.
             The game lasted 15:45:00 (92007 turns).

RepoMan the Slayer (Gargoyle Venom Mage)           Turns: 92007, Time: 15:45:00

Health: -7/192     AC: 54    Str: 25    XL:     27
Magic:  2/37       EV: 15    Int: 22    God:    Elyvilon [*****.]
Gold:   8114       SH: 21    Dex: 14    Spells: 3/46 levels left

rFire   + + .      SeeInvis .   w - +18 lance "Wyrmbane" {slay drac, rPois rF+ rC+ AC+3}
rCold   + + +      Faith    .   W - +2 kite shield {rC+}
rNeg    + . .      Spirit   .   M - +6 scale mail "Xinuazxoivi" {Regen+ rCorr Dex+6 Stlth+}
rPois   ∞          Reflect  +   r - +2 helmet {Int+3}
rElec   +          Harm     .   o - +1 cloak of Starlight {*Dazzle EV+4 Stlth--}
rCorr   +          Rampage  .   c - +0 pair of gloves of Precision Catastrophes {rF+ rC+}
Will    +++..      Clarity  +   U - +2 pair of boots
Stlth   +.........              G - amulet of the Monkey's Uncle {Reflect Regen+ rCorr SH+5}
HPRegen 2.02/turn               J - +4 ring of slaying
MPRegen 0.25/turn               Q - ring of Azitt {Will+ Str+4}

@: about to teleport, flying, constricted, studying 2 skills
A: sickness immunity, AC +20, big wings, negative energy resistance 1,
electricity resistance, torment resistance 1, petrification resistance, clarity,
clumsy 1, dopey 1, screaming 2
}: 10/15 runes: barnacled, slimy, silver, abyssal, demonic, glowing, magical,
fiery, dark, gossamer
a: Renounce Religion, Purification, Heal Other, Heal Self, Divine Vigour


You were on level 1 of the Realm of Zot.
You worshipped Elyvilon.
Elyvilon was extremely pleased with you.
You visited 12 branches of the dungeon, and saw 54 of its levels.
You visited Pandemonium 1 time, and saw 9 of its levels.
You visited the Abyss 1 time.
You visited 1 ziggurat, and saw 9 of its levels.
You also visited: Trove, Ice Cave and Wizlab.

You collected 11535 gold pieces.
You spent 3421 gold pieces at shops.

Inventory:

Hand Weapons
 a - a +9 vorpal broad axe
 w - the +18 lance "Wyrmbane" (weapon) {slay drac, rPois rF+ rC+ AC+3}
   (You took it off a deep elf annihilator on level 3 of the Elven Halls)

   It inflicts extra damage against dragons and draconians.
   AC:        It affects your AC (+3).
   rF:        It protects you from fire.
   rC:        It protects you from cold.
   rPois:     It protects you from poison.
Missiles
 b - 6 curare-tipped darts
 y - a throwing net
Armour
 c - the +0 pair of gloves of Precision Catastrophes (worn) {rF+ rC+}
   (You found it on level 4 of the Spider Nest)

   rF:        It protects you from fire.
   rC:        It protects you from cold.
 f - the +0 pair of boots of the Depths {Dex+4}
   (You found it in Pandemonium)

   Dex:       It affects your dexterity (+4).
 i - the +4 chain mail of Urasaupt {rF+ MP+9 Slay+3}
   (You found it in Pandemonium)

   Slay:      It affects your accuracy & damage with ranged weapons and melee
   (+3).
   rF:        It protects you from fire.
   MP:        It affects your magic capacity (+9).
 o - the +1 cloak of Starlight (worn) {*Dazzle EV+4 Stlth--}
   (You found it on level 5 of the Vaults)

   It may blind those who miss an attack against the wearer in melee combat.
   EV:        It affects your evasion (+4).
   Stlth:     It makes you much less stealthy.
 r - a +2 helmet of intelligence (worn)
 M - the +6 scale mail "Xinuazxoivi" (worn) {Regen+ rCorr Dex+6 Stlth+}
   (You found it in Pandemonium)

   Dex:       It affects your dexterity (+6).
   Regen:     It increases your rate of health regeneration.
   rCorr:     It protects you from acid and corrosion.
   Stlth:     It makes you more stealthy.
 P - the +7 faerie dragon scales {rElec rC+++ rCorr Dex-2 SInv}
   (You took it off the Enchantress on level 2 of the Depths)

   Dex:       It affects your dexterity (-2).
   rC:        It renders you almost immune to cold.
   rElec:     It insulates you from electricity.
   SInv:      It lets you see invisible.
   rCorr:     It protects you from acid and corrosion.
 U - a +2 pair of boots (worn)
 W - a +2 kite shield of cold resistance (worn)
 Z - a +0 tower shield of reflection
Magical Staves
 p - a staff of poison
Jewellery
 n - the ring of the Mackerel {rC++ rCorr}
   (You took it off an efreet in Pandemonium)

   [ring of resist corrosion]

   rC:        It greatly protects you from cold.
   rCorr:     It protects you from acid and corrosion.
 G - the amulet of the Monkey's Uncle (around neck) {Reflect Regen+ rCorr SH+5}
   (You found it on level 5 of the Vaults)

   [amulet of reflection]

   It reflects blocked missile attacks.
   Regen:     It increases your rate of health regeneration.
   rCorr:     It protects you from acid and corrosion.
   SH:        It affects your SH (+5).
 J - a +4 ring of slaying (left hand)
 Q - the ring of Azitt (right hand) {Will+ Str+4}
   (You took it off a deep elf annihilator on level 3 of the Elven Halls)

   [ring of willpower]

   Str:       It affects your strength (+4).
   Will:      It increases your willpower.
 V - a ring of positive energy
 Y - a ring of willpower
Wands
 e - a wand of digging (15)
 z - a wand of iceblast (26)
 B - a wand of mindburst (8)
 H - a wand of flame (39)
 K - a wand of acid (3)
 R - a wand of paralysis (29)
Scrolls
 g - 3 scrolls of enchant weapon
 h - a scroll of immolation
 j - 3 scrolls of summoning
 l - 3 scrolls of brand weapon
 q - 15 scrolls of teleportation
 t - 5 scrolls of fog
 u - 7 scrolls of vulnerability
 A - 14 scrolls of enchant armour
 F - 5 scrolls of fear
 I - 2 scrolls of silence
 L - 14 scrolls of amnesia
 N - 8 scrolls of magic mapping
Potions
 d - 2 potions of resistance
 k - 3 potions of mutation
 x - 10 potions of ambrosia
 C - 3 potions of berserk rage
 D - 10 potions of lignification
 E - a potion of invisibility
 O - 20 potions of curing
 T - 2 potions of cancellation
Miscellaneous
 m - a tin of tremorstones (2/2)
 s - a phial of floods
 v - a phantom mirror


   Skills:
 + Level 24.4 Fighting
 - Level 6.0(18.0) Axes
 - Level 18.8(19.2) Maces & Flails
 * Level 20.3(20.6) Polearms
 * Level 20.5 Armour
 - Level 9.7 Dodging
 - Level 5.0 Stealth
 + Level 18.4 Shields
 - Level 10.0 Spellcasting
 - Level 6.0 Conjurations
 - Level 6.0 Hexes
 * Level 8.5 Translocations
 - Level 14.0 Transmutations
 - Level 16.0 Poison Magic
 + Level 16.4 Invocations


You had 3 spell levels left.
You knew the following spells:

 Your Spells              Type           Power      Damage    Failure   Level
a - Manifold Assault      Tloc           48%        N/A       12%         5
b - Blink                 Tloc           96%        N/A       1%          2
c - Mephitic Cloud        Conj/Pois/Air  43%        N/A       2%          3
l - Lesser Beckoning      Tloc           48%        N/A       1%          3
n - Eringya's Noxious Bo  Tmut/Pois      33%        N/A       4%          6
s - Sting                 Tmut/Pois      100%       1d8       1%          1
t - Olgreb's Toxic Radia  Pois           69%        N/A       1%          4
v - Poisonous Vapours     Pois/Air       92%        N/A       1%          2
w - Passwall              Tmut/Erth      34%        N/A       1%          2
x - Irradiate             Conj/Tmut      26%        3d22      7%          5
y - Yara's Violent Unrav  Hex/Tmut       26%        3d11      7%          5
A - Alistair's Intoxicat  Tmut/Pois      44%        N/A       1%          5

Your spell library contained the following spells:

 Spells                   Type           Power      Damage    Failure   Level
 Apportation              Tloc           96%        N/A       1%          1
 Magic Dart               Conj           100%       1d8       1%          1
 Slow                     Hex            100%       N/A       1%          1
 Searing Ray              Conj           74%        2d7       1%          2
 Gell's Gravitas          Tloc           48%        N/A       1%          3
 Spider Form              Tmut/Pois      67%        N/A       1%          3
 Teleport Other           Tloc           48%        N/A       1%          3
 Portal Projectile        Hex/Tloc       84%        N/A       2%          3
 Confusing Touch          Hex            37%        N/A       3%          3
 Dazzling Flash           Conj/Hex       74%        N/A       3%          3
 Tukima's Dance           Hex            37%        N/A       3%          3
 Foxfire                  Conj/Fire      96%        2x1d8     4%          1
 Shock                    Conj/Air       96%        1d9       4%          1
 Ensorcelled Hibernation  Hex/Ice        48%        N/A       6%          2
 Static Discharge         Conj/Air       24%        N/A       6%          2
 Conjure Flame            Conj/Fire      24%        6-21      13%         3
 Inner Flame              Hex/Fire       24%        N/A       13%         3
 Summon Guardian Golem    Hex/Summ       24%        N/A       13%         3
 Animate Skeleton         Necr           22%        N/A       14%         1
 Pain                     Necr           44%        1d6       14%         1
 Summon Small Mammal      Summ           44%        N/A       14%         1
 Call Imp                 Summ           11%        N/A       22%         2
 Corpse Rot               Necr/Air       22%        N/A       22%         2
 Scorch                   Fire           22%        2d6       22%         2
 Call Canine Familiar     Summ           11%        N/A       41%         3
 Swiftness                Air            11%        N/A       41%         3
 Vampiric Draining        Necr           11%        2d6       41%         3
 Blade Hands              Tmut           32%        N/A       1%          5
 Passage of Golubria      Tloc           48%        N/A       4%          4
 Iskenderun's Mystic Bla  Conj/Tloc      42%        2d10      8%          4
 Ice Form                 Ice/Tmut       41%        N/A       9%          4
 Petrify                  Tmut/Erth      41%        N/A       9%          4
 Fulminant Prism          Conj/Hex       18%        3d11      12%         4
 Iskenderun's Battlesphe  Conj           37%        2d9       34%         5
 Anguish                  Hex/Necr       12%        N/A       38%         4
 Flame Wave               Conj/Fire      24%        2d7       38%         4
 Leda's Liquefaction      Hex/Erth       12%        N/A       38%         4
 Sticky Flame             Conj/Fire      24%        2d5       38%         4
 Summon Forest            Summ/Tloc      14%        N/A       56%         5
 Dispersal                Tloc           24%        N/A       56%         6
 Fireball                 Conj/Fire      12%        3d7       75%         5
 Lightning Bolt           Conj/Air       12%        1d25      75%         5
 Silence                  Hex/Air        12%        N/A       75%         5
 Summon Mana Viper        Hex/Summ       24%        N/A       75%         5
 Airstrike                Air            5%         N/A       82%         4
 Dispel Undead            Necr           11%        3d9       82%         4
 Summon Lightning Spire   Summ/Air       11%        N/A       82%         4
 Freezing Cloud           Conj/Ice/Air   9%         6-21      87%         5
 Agony                    Necr           11%        N/A       99%         5
 Borgnjor's Vile Clutch   Necr/Erth      5%         N/A       99%         5
 Excruciating Wounds      Necr           5%         N/A       99%         5
 Lee's Rapid Deconstruct  Erth           5%         3d7*      99%         5
 Conjure Ball Lightning   Conj/Air       12%        3x3d6     100%        6
 Iron Shot                Conj/Erth      12%        9d3       100%        6
 Starburst                Conj/Fire      12%        6d5       100%        6
 Summon Cactus Giant      Summ           5%         N/A       100%        6
 Enfeeble                 Hex            18%        N/A       100%        7
 Malign Gateway           Summ/Tloc      14%        N/A       100%        7
 Orb of Destruction       Conj           18%        9d8       100%        7
 Ozocubu's Refrigeration  Ice            5%         4d6       100%        7
 Spellforged Servitor     Conj/Summ      12%        N/A       100%        7
 Storm Form               Tmut/Air       20%        N/A       100%        7
 Summon Hydra             Summ           5%         N/A       100%        7
 Borgnjor's Revivificati  Necr           5%         N/A       100%        8
 Discord                  Hex            18%        N/A       100%        8
 Ignition                 Fire           5%         3d4       100%        8
 Lehudib's Crystal Spear  Conj/Erth      12%        10d4      100%        8
 Maxwell's Capacitive Co  Air            5%         ∞         100%        8
 Necromutation            Tmut/Necr      20%        N/A       100%        8
 Death's Door             Necr           5%         N/A       100%        9
 Fire Storm               Conj/Fire      12%        8d3       100%        9
 Sublimation of Blood     Necr           Unusable   N/A       N/A         2
 Statue Form              Tmut/Erth      Unusable   N/A       N/A         6

Dungeon Overview and Level Annotations

Branches:
Dungeon (15/15)            Temple (1/1) D:6            Lair (6/6) D:9
 Shoals (4/4) Lair:2       Spider (4/4) Lair:2        Slime (5/5) Lair:6
    Orc (2/2) D:11            Elf (3/3) Orc:2        Vaults (5/5) D:14
  Crypt (3/3) Vaults:2       Tomb (0/3) Crypt:3      Depths (4/4) D:15
    Zot (2/5) Depths:4      IceCv (visited)          WizLab (visited)

Altars:
Dithmenos
Elyvilon
Fedhas
Gozag
Hepliaklqana
Kikubaaqudgha
Makhleb
Qazlal
Ru
Sif Muna
Trog
Uskayaw
Vehumet
Wu Jian
Xom
Yredelemnul
The Shining One
Beogh
Jiyva

Shops:
D:12 *   D:15 *   Orc:2 *[:(   Elf:1 [   Vaults:3 (   Vaults:4 *
Depths:1 (?=[

Portals:
Hell: Depths:1 Depths:2 Depths:3 Depths:4
Abyss: Lair:5 Depths:2 Depths:3
Pandemonium: Depths:2 Depths:4


Innate Abilities, Weirdness & Mutations

You are immune to sickness and miasma.
Your stone body is resilient. (AC +20)
You are immune to poison.
Your large and strong wings let you fly.
You resist negative energy. (rN+)
You are resistant to electric shocks. (rElec)
You are resistant to unholy torment.
You are immune to petrification.
You possess an exceptional clarity of mind.
You are clumsy. (Dex -2)
You are dopey. (Int -2)
You frequently scream uncontrollably at your foes.


Message History

Elyvilon protects you from harm!
The tentacled monstrosity constricts you.
Unknown command.
Okay, then.
Okay, then.
Unknown command.
You feel better. You block the moth of wrath's attack.
The electric golem is engulfed in blazing flames.
The purple draconian is engulfed in blazing flames.
Flame seeps out of the purple draconian.
You block the purple draconian's attack.
The green draconian monk barely misses you.
You block the green draconian monk's attack.
The green draconian monk barely misses you.
The green draconian monk tail-slaps you but does no damage.
The tentacled monstrosity is engulfed in blazing flames.
Flame seeps out of the tentacled monstrosity.
The tentacled monstrosity misses you.
The tentacled monstrosity tentacle-slaps you but does no damage. x2
The tentacled monstrosity constricts you.
* * * LOW HITPOINT WARNING * * *
The white draconian is engulfed in blazing flames.
The white draconian hits you but does no damage.
You block the moth of wrath's attack.
Unknown command.
You feel better.
The green draconian monk is no longer blind.
The electric golem is engulfed in blazing flames.
The electric golem crackles and sizzles.
The purple draconian is engulfed in blazing flames.
Flame seeps out of the purple draconian.
The purple draconian hits you with a +0 hand axe!
* * * LOW HITPOINT WARNING * * *
You block the green draconian monk's attack. x2
The green draconian monk barely misses you.
You block the green draconian monk's attack.
The tentacled monstrosity is engulfed in blazing flames.
Flame seeps out of the tentacled monstrosity.
The tentacled monstrosity tentacle-slaps you!
You die...

▒▒.)..........)▒▒.▒..........
▒▒...).>.▒▒....†.▒.▒..!....
▒.^..)..▒▒:....†...........
......)▒▒..................
▒.......▒▒.........§.......
▒▒...............▒.▒......▒
................▒▒d▒▒§§....
...............q.d§§○§§....
...............y@X9○○°.....
▒..........⌠...▒▒▒▒▒▒▒▒▒▒..
▒▒............▒▒
▒▒.........(...
▒▒...▒▒........ ▒▒..
▒▒....... ▒


You could see an electric golem, a tentacled monstrosity (berserk, inner flame),
a green draconian monk (berserk), a purple draconian (berserk, inner flame,
blind), a white draconian (slow) and a moth of wrath (inner flame).

Vanquished Creatures
  Cerebov (Pan)
  the Royal Jelly (Slime:5)
  Lom Lobon (Pan)
  Mnoleg (Pan)
  4 dread liches (Vaults:5)
  2 ancient liches
  Mara (Crypt:3)
  2 juggernauts
  A royal mummy (Crypt:3)
  Frederick (Depths:3)
  Saint Roka (Vaults:5)
  Bai Suzhen (Spider:2)
  5 golden dragons
  Xtahua (Vaults:5)
  2 caustic shrikes (Depths:2)
  Nikola (Shoals:3)
  Jory (Vaults:4)
  The ghost of Jetyrhek the Devastator, a veteran GrEE of Lugonu (Crypt:1)
  The ghost of Thargor the Earth Mage, a veteran GrEE of the Shining One (Depths:3)
  the Enchantress (Depths:2)
  3 bone dragons
  4 Brimstone Fiends (Pan)
  A hellephant (Pan)
  The ghost of Xutext the Spry, an adept DsAK of Lugonu (Depths:4)
  3 tentacled monstrosities
  A Hell Sentinel (Abyss:2)
  2 pandemonium lords
  2 liches
  A Tzitzimitl (Pan)
  Jorgrun (Spider:3)
  26 acid blobs
  2 Ice Fiends
  4 quicksilver dragons
  2 death cobs (Zot:1)
  7 titans
  Polyphemus (Shoals:3)
  2 deep elf master archers (Elf:3)
  19 Executioners
  2 deep elf blademasters (Elf:3)
  5 ancient champions (Crypt:1)
  12 sphinxes
  Gastronok (Lair:1)
  Agnes (Spider:3)
  5 tentacled starspawn
  A kraken (Shoals:2)
  Ilsuiw (Shoals:3)
  8 shadow dragons
  18 rockslimes
  3 revenants
  8 storm dragons
  A draconian knight (Depths:4)
  10 tengu reavers
  Roxanne (Elf:2)
  2 nagarajas (Zig:7)
  2 deep elf sorcerers (Elf:3)
  4 frost giants
  8 fire giants
  3 demonspawn warmongers (Pan)
  14 balrugs
  17 azure jellies
  3 orc warlords
  3 emperor scorpions
  A juggernaut zombie (Crypt:3)
  6 cacodemons (Pan)
  A caustic shrike zombie (Crypt:1)
  2 iron dragons
  An emperor scorpion (shapeshifter) (Vaults:5)
  6 vault wardens
  8 deep elf elementalists
  3 ghost moths
  A draconian shifter (Zot:1)
  Aizul (Spider:2)
  The ghost of Sobaton the Cleaver, a journeyman HOFi of Okawaru (Shoals:2)
  14 quicksilver oozes
  5 draconian annihilators
  5 draconian stormcallers
  19 ironbound preservers
  A juggernaut skeleton (Crypt:2)
  3 broodmothers
  5 ghouls
  3 vampire knights
  A demonspawn blood saint (Pan)
  37 very ugly things
  5 reapers
  3 war gargoyles
  2 caustic shrike skeletons
  The ghost of Thalamas the Severer, a journeyman MiBe of Trog (Lair:5)
  13 stone giants
  3 spriggan defenders (Depths:2)
  6 ironbound thunderhulks
  6 deep elf demonologists
  2 green draconians (Zot:1)
  3 demonspawn black suns (Pan)
  9 entropy weavers
  2 lorocyprocas (Pan)
  A yellow draconian (Depths:4)
  An eleionoma (Zig:6)
  12 dire elephants
  A spark wasp (shapeshifter) (D:14)
  10 spark wasps
  12 deep elf annihilators
  4 red draconians
  2 minotaurs (Shoals:4)
  6 blizzard demons
  2 crystal guardians
  6 green deaths
  12 ettins
  16 deep elf death magi
  2 merfolk javelineers
  2 fire dragons
  11 merfolk impalers
  10 eidola
  4 jiangshi (Crypt:1)
  2 quicksilver dragon zombies (Crypt:3)
  A quicksilver dragon skeleton (Pan)
  3 naga warriors
  13 great orbs of eyes
  9 deep elf high priests
  25 vault guards
  Harold (D:8)
  13 yaktaur captains
  Fannar (Orc:1)
  2 hell beasts
  8 rakshasas
  A hydra (D:14)
  A juggernaut simulacrum (Depths:1)
  A salamander tyrant (Zig:7)
  6 ice dragons
  4 peacekeepers
  5 ironbound frosthearts
  2 jorogumos
  An anaconda (Zig:7)
  3 spriggan air magi (Depths:2)
  4 boulder beetles
  2 death knights
  15 satyrs
  12 centaur warriors
  2 radroaches
  An anaconda (shapeshifter) (Depths:4)
  3 merfolk aquamancers
  2 alligators (Zig:6)
  A jorogumo (shapeshifter) (Depths:3)
  7 two-headed ogres
  A death scarab (Spider:1)
  The ghost of 101zpm the Protected, a journeyman GrFi of the Shining One (D:10)
  2 catoblepae
  27 dancing weapons
  A thrashing horror (Abyss:3)
  4 spriggan berserkers
  5 tengu warriors
  2 death yaks (Shoals:3)
  5 vampire magi
  10 deep troll shamans
  4 deep troll earth magi
  4 orc high priests
  A naga sharpshooter (Zig:7)
  6 hell hogs
  A shock serpent (Zig:7)
  26 soul eaters
  A storm dragon zombie (Crypt:3)
  2 titan zombies
  6 wretched stars
  3 hell knights (Vaults:5)
  12 deep elf knights
  A fire crab (shapeshifter) (Abyss:2)
  6 iron trolls
  7 shadow wraiths
  A fire crab (Lair:6)
  2 titan skeletons
  27 sun demons
  11 skeletal warriors
  5 spatial maelstroms
  A goliath frog (Zig:6)
  An iron giant zombie (Crypt:3)
  7 steelbarb worms
  10 pharaoh ants
  57 deep trolls
  3 storm dragon skeletons
  9 sixfirhies
  A golden dragon zombie (Crypt:3)
  12 sea snakes
  7 glowing orange brains
  2 flayed ghosts
  4 sun moths
  11 orb spiders
  A shadow demon (Depths:3)
  A swamp dragon (Zig:6)
  An orange crystal statue (Depths:2)
  An anaconda skeleton (Crypt:3)
  6 deep elf archers
  A shadow dragon zombie (Crypt:3)
  10 wizards
  3 bog bodies
  2 mana vipers (shapeshifter)
  18 phantasmal warriors
  16 harpies
  2 bunyip skeletons
  11 ironbound convokers
  11 lindwurms
  8 orc sorcerers
  30 deep elf zephyrmancers
  17 necromancers
  14 orc knights
  2 will-o-the-wisps
  2 shadow dragon skeletons
  A mana viper (Zig:7)
  12 shining eyes
  33 wolf spiders
  2 salamanders (Abyss:2)
  A stone giant zombie (Crypt:3)
  19 deep elf pyromancers
  31 fauns
  54 ugly things
  5 worldbinders
  10 elephants
  3 stone giant skeletons
  2 cyclopes (shapeshifter) (Vaults:5)
  19 manticores
  13 merfolk sirens
  3 molten gargoyles (Lair:6)
  12 moths of wrath
  2 water nymphs
  6 centaur zombies
  3 guardian serpents (Abyss:2)
  A titan simulacrum (Crypt:1)
  11 cyclopes
  19 vault sentinels
  4 eyes of devastation
  8 black mambas
  2 dire elephant zombies (Crypt:1)
  2 rust devils (Pan)
  6 torpor snails
  5 naga magi
  21 smoke demons
  18 hellions
  17 orange demons
  A dire elephant skeleton (Pan)
  A naga skeleton (Crypt:3)
  An unseen horror (shapeshifter) (D:15)
  2 alligator snapping turtle skeletons
  Maggie (Lair:2)
  A cane toad (Lair:6)
  2 gargoyles (D:12)
  37 yaktaurs
  2 rime drakes
  3 unseen horrors
  18 komodo dragons
  12 efreet
  7 tengu conjurers
  9 demonic crawlers
  7 freezing wraiths
  A golden dragon simulacrum (Depths:1)
  4 red devils
  35 hellwings
  A guardian mummy (D:15)
  A silent spectre (Abyss:2)
  An ancient zyme (Abyss:3)
  12 meliai
  A tengu simulacrum (Vaults:4)
  3 spriggan skeletons
  5 wind drakes
  2 queen bees
  6 trolls
  A sea snake skeleton (Crypt:2)
  11 hornets
  32 merfolk
  Grinder (D:4)
  Prince Ribbit (D:5)
  5 harpy skeletons
  40 tarantellas
  2 ettin zombies
  99 slime creatures
  3 spriggan zombies
  36 blink frogs
  7 raiju
  10 dream sheep
  A guardian serpent skeleton (Crypt:2)
  11 snapping turtles
  8 spriggans
  4 air elementals
  31 jumping spiders
  5 flying skulls (Crypt:1)
  An ettin skeleton (Pan)
  A fire dragon skeleton (Pan)
  3 shadows
  7 ynoxinuls
  31 culicivoras
  5 vampires
  A wind drake zombie (Crypt:2)
  7 wyverns
  An ushabti (Crypt:3)
  16 water elementals
  59 yaks
  12 wraiths
  6 basilisks
  8 chaos spawn
  3 fire elementals
  5 fire bats
  13 golden eyes
  70 redbacks
  A yaktaur simulacrum (Vaults:1)
  21 small abominations
  4 steam dragons
  9 vampire mosquitoes
  17 neqoxecs
  4 wargs
  40 large abominations
  2 human simulacra (Vaults:1)
  A faun zombie (Crypt:2)
  4 spatial vortices
  An acid dragon (D:11)
  A naga (Abyss:2)
  3 swamp worms (Lair:2)
  14 water moccasins
  3 hell hounds (Lair:6)
  Duvessa (D:7)
  A two-headed ogre skeleton (Crypt:1)
  2 black bears
  37 orc warriors
  2 necrophages
  2 tengu (Lair:6)
  4 ogres
  A spriggan simulacrum (Depths:1)
  2 boggarts (Depths:4)
  7 wolves (Lair:1)
  A swamp dragon skeleton (Pan)
  12 centaurs
  A kobold brigand (D:10)
  Blork the orc (D:4)
  2 earth elementals
  7 bullfrogs
  A salamander skeleton (Crypt:1)
  A palentonga skeleton (Crypt:1)
  10 wyvern skeletons (Crypt:3)
  A water moccasin skeleton (D:5)
  4 killer bees (D:9)
  Dowan (D:7)
  A raiju zombie (Crypt:1)
  9 wights
  A troll skeleton (Crypt:1)
  6 electric eels
  2 howler monkeys
  A lava snake (Lair:6)
  5 jellies
  3 quasits (Abyss:2)
  34 starcursed masses
  3 centaur skeletons
  2 bullfrog skeletons (D:5)
  A gnoll shaman (D:8)
  16 orc priests
  A basilisk skeleton (Crypt:2)
  2 hounds
  An iron imp (Abyss:2)
  2 iguanas
  28 orc wizards
  2 mummies (Crypt:3)
  3 howler monkey zombies
  7 gnolls
  8 adders
  A river rat (Lair:2)
  14 white imps
  4 ufetubi
  2 adder zombies (D:5)
  4 worms
  An adder skeleton (D:4)
  4 dart slugs
  91 orcs
  9 ball pythons
  5 bats
  8 endoplasms
  7 giant cockroaches
  A gnoll zombie (Crypt:2)
  5 goblins
  3 hobgoblins
  11 kobolds
  2 quokkas (D:1)
  6 frilled lizards
  A gnoll skeleton (Crypt:1)
  A goblin zombie (Crypt:2)
  A jackal zombie (Crypt:1)
  4 rats
  2 ball lightnings (Pan)
  A lurking horror (Abyss:1)
  3 starspawn tentacles
2788 creatures vanquished.

Vanquished Creatures (collateral kills)
  Rupert (Lair:3)
  A quicksilver ooze (Slime:5)
  A pharaoh ant (Spider:1)
  A demonic crawler (Spider:1)
  A raiju (Lair:5)
  A jumping spider (Spider:1)
  A culicivora (Spider:1)
  2 redbacks
  A hornet simulacrum (D:15)
10 creatures vanquished.

Vanquished Creatures (others)
  A lich (Depths:4)
  2 eldritch tentacles (Pan)
  A fire giant (Depths:3)
  2 curse skulls
  2 rakshasas (Pan)
  A spriggan air mage (Pan)
  A dancing weapon (Elf:2)
  2 deep elf knights (Elf:2)
  A pharaoh ant (Spider:4)
  2 harpies
  A wizard (Abyss:2)
  A deep elf pyromancer (Elf:2)
  3 fauns
  A sphinx skeleton (Vaults:1)
  2 ynoxinuls (Pan)
  A yak (Lair:4)
  2 neqoxecs
  A hell hound (Lair:6)
  A centaur (D:14)
  3 small abominations
  13 ball lightnings (Pan)
  A fire vortex (Pan)
  4 foxfires (Zig:6)
  150 fungi
  189 plants
  12 starspawn tentacles
  25 tentacles (Shoals:2)
  36 withered plants
461 creatures vanquished.

Grand Total: 3259 creatures vanquished

Notes
Turn   | Place    | Note
-------+----------+-------------------------------------------
     0 | D:1      | RepoMan the Gargoyle Venom Mage began the quest for the
                  | Orb.
     0 | D:1      | Reached XP level 1. HP: 10/10 MP: 3/3
   331 | D:1      | Reached XP level 2. HP: 15/15 MP: 3/5
   372 | D:1      | Learned a level 2 spell: Poisonous Vapours
   500 | D:1      | Reached skill level 1 in Shields
   835 | D:1      | Reached XP level 3. HP: 19/19 MP: 1/6
  2045 | D:2      | Reached XP level 4. HP: 24/24 MP: 4/7
  2927 | D:3      | Reached XP level 5. HP: 26/28 MP: 1/8
  3268 | D:3      | Reached skill level 1 in Fighting
  3567 | D:4      | Reached skill level 5 in Poison Magic
  3757 | D:4      | Noticed Grinder
  3758 | D:4      | Paralysed by Grinder for 4 turns
  3765 | D:4      | Paralysed by Grinder for 3 turns
  3770 | D:5      | Entered Level 5 of the Dungeon
  4027 | D:4      | Noticed Blork the orc
  4124 | D:4      | Found a blossoming altar of Fedhas.
  4292 | D:5      | Found a shadowy altar of Dithmenos.
  4292 | D:5      | Found an ornate altar of the Wu Jian Council.
  4306 | D:5      | Noticed an ogre
  4375 | D:5      | Killed an ogre
  4376 | D:5      | Reached XP level 6. HP: 35/35 MP: 1/10
  4507 | D:5      | Reached skill level 2 in Fighting
  4764 | D:5      | Reached XP level 7. HP: 37/40 MP: 6/11
  4839 | D:5      | Noticed Prince Ribbit
  4852 | D:5      | Killed Prince Ribbit
  5213 | D:5      | Reached skill level 3 in Fighting
  5982 | D:6      | Found a staircase to the Ecumenical Temple.
  6017 | Temple   | Entered the Ecumenical Temple
  6032 | Temple   | Became a worshipper of Elyvilon the Healer
  6393 | D:6      | Reached XP level 8. HP: 42/46 MP: 4/12
  6479 | D:6      | Reached skill level 1 in Maces & Flails
  7015 | D:6      | Learned a level 4 spell: Olgreb's Toxic Radiance
  7019 | D:6      | Learned a level 3 spell: Mephitic Cloud
  7315 | D:6      | Reached * piety under Elyvilon
  7327 | D:6      | Reached skill level 4 in Fighting
  7458 | D:7      | Noticed a wyvern
  7480 | D:7      | Noticed a wraith
  7652 | D:7      | Killed a wyvern
  7689 | D:7      | Identified the +7 spear of Oozing Pus {flame, rF- Str+7}
  7922 | D:8      | Noticed Harold
  8089 | D:7      | Reached skill level 10 in Poison Magic
  8180 | D:7      | Reached XP level 9. HP: 50/53 MP: 7/13
  8244 | D:7      | Noticed Duvessa
  8244 | D:7      | Noticed Dowan
  8272 | D:7      | Killed Duvessa
  8273 | D:7      | Reached skill level 5 in Fighting
  8378 | D:7      | Killed Dowan
  8686 | D:7      | Reached skill level 5 in Maces & Flails
  9039 | D:8      | Identified the +2 leather armour of Filigreed Salvation
                  | {Harm rC- Str+2 Dex+6}
  9100 | D:8      | Reached ** piety under Elyvilon
  9316 | D:8      | Found a shimmering blue altar of Sif Muna.
  9828 | D:8      | Reached skill level 1 in Conjurations
 10682 | D:8      | Killed Harold
 10683 | D:8      | Reached XP level 10. HP: 59/59 MP: 0/14
 10923 | D:9      | Noticed a two-headed ogre
 10953 | D:9      | Killed a two-headed ogre
 11297 | D:9      | Reached skill level 6 in Fighting
 11458 | D:9      | Found a staircase to the Lair.
 11536 | D:9      | Reached *** piety under Elyvilon
 11813 | D:9      | Reached skill level 10 in Maces & Flails
 12212 | D:10     | Entered Level 10 of the Dungeon
 12341 | D:10     | Reached XP level 11. HP: 61/66 MP: 8/15
 12440 | D:10     | Reached skill level 7 in Fighting
 12543 | Lair:1   | Entered Level 1 of the Lair of Beasts
 12766 | Lair:1   | Reached **** piety under Elyvilon
 13018 | Lair:1   | Noticed Gastronok
 13159 | Lair:2   | Noticed Maggie
 13455 | Lair:2   | Found a staircase to the Shoals.
 13685 | Lair:2   | Killed Maggie
 13870 | Lair:2   | Reached skill level 8 in Fighting
 14052 | Lair:2   | Noticed a six-headed hydra
 14246 | Lair:2   | Noticed a six-headed hydra
 14480 | Lair:1   | Reached skill level 1 in Invocations
 14957 | Lair:2   | Reached XP level 12. HP: 75/75 MP: 8/16
 15041 | Lair:2   | Reached ***** piety under Elyvilon
 15071 | Lair:2   | Identified the +8 quarterstaff of Chagrin {vorpal, rN+
                  | MP+9}
 15198 | Lair:2   | Pacified a six-headed hydra
 15466 | Lair:2   | Found a hole to the Spider Nest.
 15553 | Lair:2   | Pacified a six-headed hydra
 15554 | Lair:2   | Reached skill level 5 in Invocations
 15926 | Lair:3   | Noticed an eight-headed hydra
 16722 | Lair:4   | Noticed a five-headed hydra
 16727 | Lair:4   | Pacified a five-headed hydra
 17526 | Lair:3   | Noticed a seven-headed hydra
 17527 | Lair:3   | Pacified a seven-headed hydra
 17528 | Lair:3   | Reached skill level 9 in Fighting
 17613 | Lair:3   | Noticed Rupert
 17657 | Lair:3   | Killed Rupert
 17658 | Lair:3   | Reached XP level 13. HP: 80/80 MP: 7/20
 17768 | Lair:3   | Got the Tome of the Moth
 17965 | Lair:3   | Reached skill level 5 in Shields
 18534 | Lair:5   | Found a transporter.
 18900 | Lair:5   | Reached skill level 1 in Armour
 19266 | Lair:5   | Noticed a brown very ugly thing
 19487 | Lair:5   | Found a transporter.
 19487 | Lair:5   | Found a one-way gate to the infinite horrors of the Abyss.
 19621 | Lair:5   | Noticed Thalamas's ghost (journeyman MiBe)
 20118 | Lair:6   | Entered Level 6 of the Lair of Beasts
 20235 | Lair:6   | Reached skill level 10 in Invocations
 20292 | Lair:6   | Reached skill level 15 in Poison Magic
 20639 | Lair:6   | Noticed a fire dragon
 20643 | Lair:6   | Reached skill level 10 in Fighting
 20712 | Lair:6   | Found a large runed translucent door.
 20728 | Lair:6   | Found a large runed translucent door.
 20982 | Lair:6   | Gained mutation: Your large and strong wings let you fly.
                  | [Gargoyle growth]
 20982 | Lair:6   | Reached XP level 14. HP: 72/88 MP: 16/21
 21211 | Lair:6   | Found a staircase to the Slime Pits.
 22123 | Lair:6   | Found a stormy altar of Qazlal.
 22982 | D:4      | Killed Grinder
 23008 | D:4      | Killed Blork the orc
 23381 | D:10     | Found a transporter.
 23388 | D:10     | Found a bloodstained altar of Trog.
 23390 | D:10     | Noticed 101zpm's ghost (journeyman GrFi)
 23405 | D:10     | Found a transporter.
 23554 | D:10     | Reached skill level 5 in Armour
 24604 | D:11     | Reached skill level 11 in Fighting
 24818 | D:11     | Found a staircase to the Orcish Mines.
 25199 | Orc:1    | Entered Level 1 of the Orcish Mines
 25400 | Orc:2    | Entered Level 2 of the Orcish Mines
 25744 | Orc:2    | Reached skill level 15 in Maces & Flails
 25892 | Orc:2    | Found a staircase to the Elven Halls.
 26087 | Orc:1    | Noticed Fannar
 26109 | Orc:1    | Killed Fannar
 26757 | Orc:2    | Noticed an orc warlord
 26759 | Orc:2    | Reached XP level 15. HP: 70/95 MP: 4/22
 26763 | Orc:2    | Killed an orc warlord
 27444 | Orc:2    | Reached ****** piety under Elyvilon
 27544 | Orc:2    | Found Lammet's Antique Armour Boutique.
 27573 | Orc:2    | Found Foalomet's General Store.
 27574 | Orc:2    | Found Ymobeoreo's Book Boutique.
 27575 | Orc:2    | Found Nunidu's Antique Weapon Shop.
 27589 | Orc:2    | Bought a potion of magic for 136 gold pieces
 27589 | Orc:2    | Bought a potion of heal wounds for 85 gold pieces
 27589 | Orc:2    | Bought a potion of curing for 51 gold pieces
 27599 | Orc:2    | Bought a pair of heavily runed boots for 266 gold pieces
 27599 | Orc:2    | Identified the +0 pair of boots "Uremiy Valad" {rF- Dex+7}
                  | (You bought it in a shop on level 2 of the Orcish Mines)
 27599 | Orc:2    | Bought a twisted leather armour for 196 gold pieces
 27599 | Orc:2    | Identified the +1 leather armour "Cuwnoris" {+Blink Str+4
                  | Dex+2} (You bought it in a shop on level 2 of the Orcish
                  | Mines)
 27804 | D:12     | Identified the +7 long sword "Zoeraju" {vamp, +Blink rF-
                  | Dex+5}
 27853 | D:12     | Found Ashrol's General Store.
 27858 | D:12     | Bought 2 potions of heal wounds for 160 gold pieces
 28514 | D:12     | Reached skill level 12 in Fighting
 29343 | D:13     | Found a frozen archway.
 29393 | IceCv    | Entered an ice cave
 29802 | D:13     | Found a blossoming altar of Fedhas.
 31369 | D:14     | Found the +6 arbalest "Damnation" {damnation}
 31631 | D:14     | Identified the +8 long sword of Sharkskin {flame, rN+}
 31946 | D:14     | Reached XP level 16. HP: 95/103 MP: 11/25
 32081 | D:14     | Found a gate to the Vaults.
 32135 | D:15     | Entered Level 15 of the Dungeon
 32136 | D:15     | Found a staircase to the Depths.
 32411 | D:15     | Reached skill level 13 in Fighting
 33130 | D:15     | Found Sissich's Neck Hole.
 33134 | D:15     | Bought a scarf of resistance for 480 gold pieces
 33569 | Spider:1 | Entered Level 1 of the Spider Nest
 33796 | Spider:1 | Reached skill level 10 in Armour
 35239 | Spider:2 | Reached skill level 14 in Fighting
 35563 | Spider:2 | Reached XP level 17. HP: 95/111 MP: 8/26
 37305 | Spider:3 | Noticed Aizul
 37308 | Spider:3 | Noticed Bai Suzhen
 37674 | Spider:2 | Killed Aizul
 37675 | Spider:2 | Reached skill level 15 in Fighting
 38104 | Spider:3 | Noticed Agnes
 38126 | Spider:3 | Killed Agnes
 38444 | Spider:3 | Noticed Jorgrun
 38493 | Spider:3 | Killed Jorgrun
 39165 | Spider:4 | Entered Level 4 of the Spider Nest
 39747 | Spider:4 | Reached XP level 18. HP: 120/120 MP: 18/27
 40329 | Spider:4 | Reached skill level 16 in Fighting
 40948 | Spider:4 | Identified the +0 pair of gloves of Precision Catastrophes
                  | {rF+ rC+}
 40991 | Spider:4 | Got a gossamer rune of Zot
 41207 | Shoals:1 | Entered Level 1 of the Shoals
 41607 | Shoals:1 | Reached skill level 5 in Dodging
 43399 | Shoals:2 | Found a runed translucent door.
 43400 | Shoals:2 | Found a shimmering altar of Xom.
 43400 | Shoals:2 | Noticed Sobaton's ghost (journeyman HOFi)
 43428 | Shoals:2 | Reached skill level 1 in Axes
 44333 | Shoals:3 | Noticed Ilsuiw
 44357 | Shoals:3 | Reached skill level 1 in Transmutations
 44393 | Shoals:3 | Killed Ilsuiw
 44707 | Shoals:3 | Reached XP level 19. HP: 127/127 MP: 15/29
 45440 | Shoals:4 | Entered Level 4 of the Shoals
 45457 | Shoals:4 | Noticed Nikola
 45500 | Shoals:3 | Killed Nikola
 45601 | Shoals:4 | Noticed Polyphemus
 45619 | Shoals:3 | Killed Polyphemus
 46185 | Shoals:4 | Paralysed by a sphinx for 7 turns
 46352 | Elf:1    | Entered Level 1 of the Elven Halls
 46667 | Elf:1    | Found Cieleut's Antique Armour Emporium.
 46672 | Elf:1    | Bought an embroidered cloak for 195 gold pieces
 46672 | Elf:1    | Bought a bloodstained ring mail for 234 gold pieces
 46672 | Elf:1    | Identified the +0 ring mail of the Lost Path {+Inv rF+
                  | Dex-4} (You bought it in a shop on level 1 of the Elven
                  | Halls)
 46672 | Elf:1    | Bought a shiny helmet for 195 gold pieces
 46698 | Elf:1    | Learned a level 6 spell: Eringya's Noxious Bog
 47018 | Elf:1    | Reached skill level 17 in Fighting
 47592 | Elf:2    | Paralysed by an air elemental for 1 turns
 47599 | Elf:2    | Paralysed by an air elemental for 1 turns
 47603 | Elf:2    | Paralysed by an air elemental for 1 turns
 47950 | Elf:2    | Found a runed translucent gate.
 47951 | Elf:2    | Found a runed translucent gate.
 47952 | Elf:2    | Found a runed translucent gate.
 48015 | Elf:2    | Reached skill level 5 in Transmutations
 48254 | Elf:2    | Found a radiant altar of Vehumet.
 48307 | Elf:2    | Noticed Roxanne
 48544 | Elf:3    | Entered Level 3 of the Elven Halls
 48679 | Elf:3    | Paralysed by an air elemental for 1 turns
 48689 | Elf:3    | Paralysed by an air elemental for 1 turns
 48692 | Elf:3    | Paralysed by an air elemental for 1 turns
 48694 | Elf:3    | Paralysed by an air elemental for 1 turns
 48840 | Elf:2    | Reached skill level 5 in Spellcasting
 49059 | Elf:3    | Reached skill level 5 in Axes
 49374 | Elf:3    | Reached XP level 20. HP: 129/132 MP: 6/30
 49523 | Elf:3    | Identified the +10 trident "Cekh" {protect, Will++ Dex+4}
 49534 | Elf:3    | Noticed a Tzitzimitl
 49742 | Elf:3    | Identified the ring "Amifoul" {*Slow MP+9 Int+5}
 49856 | Elf:3    | Identified the ring of Azitt {Will+ Str+4}
 50092 | Elf:3    | Paralysed by an air elemental for 1 turns
 50335 | Elf:3    | Reached skill level 1 in Polearms
 50672 | Elf:3    | Learned a level 2 spell: Blink
 50676 | Elf:3    | Learned a level 3 spell: Lesser Beckoning
 51275 | Shoals:3 | Reached skill level 1 in Translocations
 51977 | Shoals:4 | Found the +8 demon blade "Leech" {vamp, Harm Drain rN+}
 51981 | Shoals:4 | Got a barnacled rune of Zot
 52849 | Orc:2    | Bought a manual of Transmutations for 1280 gold pieces
 53129 | Vaults:1 | Entered Level 1 of the Vaults
 53447 | Vaults:1 | Identified the +0 chain mail of Spring Thaw {*Corrode +Inv
                  | rC+++ Dex+4}
 53546 | Vaults:1 | Reached skill level 5 in Polearms
 53992 | Vaults:1 | Reached skill level 18 in Fighting
 54351 | Vaults:1 | Reached XP level 21. HP: 141/141 MP: 18/31
 55448 | Vaults:2 | Identified the +2 hand axe of Zoihomy {drain, *Rage rElec
                  | Int+3 Dex+2}
 55668 | Vaults:2 | Reached skill level 10 in Transmutations
 55942 | Vaults:2 | Noticed a bone dragon
 55967 | Vaults:2 | Killed a bone dragon
 56813 | Vaults:2 | Found a staircase to the Crypt.
 57647 | Vaults:2 | Learned a level 5 spell: Yara's Violent Unravelling
 57659 | Vaults:3 | Found Vexziame's Weapon Emporium.
 57662 | Vaults:3 | You are sucked into a shaft and drop 1 floor!
 58153 | Vaults:3 | Reached skill level 1 in Hexes
 58247 | Vaults:3 | Learned a level 5 spell: Alistair's Intoxication
 59262 | Vaults:3 | Reached XP level 22. HP: 143/148 MP: 16/32
 60536 | Vaults:4 | Reached skill level 19 in Fighting
 61142 | Vaults:4 | Reached skill level 10 in Polearms
 61175 | Vaults:4 | Noticed Mennas
 61176 | Vaults:4 | Pacified Mennas
 61231 | Vaults:4 | Found Celifeuw's General Store.
 61235 | Vaults:4 | Bought a scroll of teleportation for 48 gold pieces
 61557 | Vaults:4 | Noticed Jory
 61620 | Vaults:4 | Killed Jory
 62008 | Depths:1 | Entered Level 1 of the Depths
 62109 | Depths:1 | Found a magical portal.
 62115 | WizLab   | Entered Borgnjor's Mausoleum
 62474 | Depths:1 | Found Kezauvyf's Armour Shoppe.
 62499 | Depths:1 | Found Saq Kexi's Jewellery Shoppe.
 62528 | Depths:1 | Found Efuenec's Antique Weapon Emporium.
 62534 | Depths:1 | Found Karoydda's Magic Scroll Emporium.
 62545 | Depths:1 | Bought a scroll of teleportation for 57 gold pieces
 62545 | Depths:1 | Bought a scroll of fog for 38 gold pieces
 62668 | Depths:1 | Found the +15 Maxwell's patent armour {-Cast -Tele rElec
                  | Will+ rCorr}
 62711 | Depths:1 | Found a gateway to Hell.
 62723 | Depths:1 | Identified the +7 hand crossbow of Circular Logic {freeze,
                  | Will+}
 62953 | Depths:1 | Found a glowing golden altar of the Shining One.
 63228 | Depths:1 | Reached skill level 15 in Armour
 63672 | Depths:2 | Found a one-way gate leading to the halls of Pandemonium.
 63752 | Depths:2 | Found a hide-covered altar of Uskayaw.
 63765 | Depths:2 | Reached XP level 23. HP: 142/155 MP: 12/33
 64090 | Depths:2 | Reached skill level 10 in Shields
 64705 | Depths:2 | Noticed a golden dragon
 64723 | Depths:2 | Killed a golden dragon
 64923 | Depths:2 | Noticed a golden dragon
 64961 | Depths:2 | Killed a golden dragon
 64987 | Depths:2 | Noticed the Enchantress
 65043 | Depths:2 | Killed the Enchantress
 65292 | Depths:2 | Noticed a caustic shrike
 65309 | Depths:2 | Killed a caustic shrike
 65320 | Depths:2 | Noticed a caustic shrike
 65333 | Depths:2 | Killed a caustic shrike
 65382 | Depths:2 | Noticed a juggernaut
 65418 | Depths:2 | Killed a juggernaut
 65519 | Depths:2 | Got the Tome of Enchanting Feathers
 66195 | Depths:3 | Noticed Frederick
 66221 | Depths:3 | Killed Frederick
 67239 | Depths:3 | Found a portal to a secret trove of treasure.
 67588 | Depths:3 | Reached skill level 20 in Fighting
 67739 | Depths:3 | You paid a toll of +4 ice dragon scales to enter a treasure
                  | trove
 67740 | Trove    | Entered a treasure trove
 67802 | Trove    | Identified an amulet of Jidghim {Regen+ Str-4 Int+3 Dex+7}
 67835 | Trove    | Reached XP level 24. HP: 163/163 MP: 35/35
 67836 | Trove    | Reached XP level 25. HP: 168/168 MP: 35/35
 67869 | Depths:3 | Found a runed translucent gate.
 67869 | Depths:3 | Found a runed translucent gate.
 67869 | Depths:3 | Found a runed translucent gate.
 67869 | Depths:3 | Noticed Thargor's ghost (veteran GrEE)
 68816 | Depths:4 | Entered Level 4 of the Depths
 69121 | Depths:4 | Found a gate to the Realm of Zot.
 69191 | Depths:4 | Reached XP level 26. HP: 175/175 MP: 21/35
 69422 | Depths:4 | Found a one-way gateway to a ziggurat.
 69445 | Depths:4 | Found a runed translucent gate.
 69445 | Depths:4 | Found a runed translucent gate.
 69445 | Depths:4 | Found a runed translucent gate.
 69447 | Depths:4 | Noticed a juggernaut
 69449 | Depths:4 | Noticed Xutext's ghost (adept DsAK)
 70311 | D:10     | Killed 101zpm's ghost
 70528 | Lair:1   | Killed Gastronok
 70692 | Lair:5   | Killed Thalamas's ghost
 70842 | Lair:6   | Identified the +1 chain mail of Existentialism {Str+4
                  | Int+3}
 71109 | Shoals:2 | Killed Sobaton's ghost
 71326 | Spider:2 | Killed Bai Suzhen
 71646 | Elf:2    | Killed Roxanne
 72565 | Crypt:1  | Entered Level 1 of the Crypt
 72633 | Crypt:1  | Found a runed translucent door.
 72652 | Crypt:1  | Noticed Jetyrhek's ghost (veteran GrEE)
 73627 | Crypt:1  | Killed Jetyrhek's ghost
 74954 | Crypt:3  | Entered Level 3 of the Crypt
 74961 | Crypt:3  | Noticed Mara
 74975 | Crypt:3  | Noticed RepoMan's illusion
 74983 | Crypt:3  | Noticed RepoMan's illusion
 74989 | Crypt:3  | Killed Mara
 75454 | Crypt:3  | Noticed a royal mummy
 75519 | Crypt:3  | Reached skill level 10 in Spellcasting
 75545 | Crypt:3  | Reached skill level 21 in Fighting
 75565 | Crypt:3  | Killed a royal mummy
 75659 | Crypt:3  | Found a staircase to the Tomb.
 75965 | Crypt:3  | Noticed an ancient lich
 75981 | Crypt:3  | Killed an ancient lich
 75998 | Crypt:3  | Identified the +6 flail "Byimett" {chaos, *Noise Int+7}
 76004 | Crypt:3  | Identified the +4 hunting sling of Valour {freeze, rPois
                  | Dex+4}
 76026 | Crypt:3  | Reached skill level 15 in Polearms
 76216 | Crypt:3  | Reached XP level 27. HP: 176/182 MP: 37/37
 76659 | Crypt:3  | Identified the +1 leather armour "Ufyroph" {+Inv rF+ Int+3}
 76784 | Crypt:3  | Found an ancient bone altar of Kikubaaqudgha.
 77499 | Vaults:5 | Entered Level 5 of the Vaults
 77506 | Vaults:5 | Reached skill level 15 in Shields
 77634 | Vaults:5 | Reached skill level 15 in Invocations
 77888 | Vaults:5 | Noticed Xtahua
 77919 | Vaults:5 | Killed Xtahua
 78020 | Vaults:5 | Found the +1 cloak of Starlight {*Dazzle EV+4 Stlth--}
 78027 | Vaults:5 | Identified the amulet of Light {Spirit +Blink Dex+3}
 78037 | Vaults:5 | Identified the +4 fustibalus of Grontol {vorpal, *Corrode
                  | rF+++ rN+ Str+3}
 78285 | Vaults:5 | Got Wonesudd's Grimoire of Dark Fire
 78287 | Vaults:5 | Identified the amulet of the Monkey's Uncle {Reflect Regen+
                  | rCorr SH+5}
 78335 | Vaults:5 | Identified a scroll of acquirement
 78371 | Vaults:5 | Found the +2 hat of the Bear Spirit {Spirit, *Rage Will++}
 78383 | Vaults:5 | Identified the +2 ring mail of Kikubaaqudgha's Regard {rN+
                  | Will+ Str+3 SInv}
 78384 | Vaults:5 | Identified the +1 plate armour "Lyubiupp" {rElec rF+ SInv}
 78391 | Vaults:5 | Acquired 732 gold pieces
 78479 | Vaults:5 | Noticed a dread lich
 78503 | Vaults:5 | Killed a dread lich
 78542 | Vaults:5 | Noticed a dread lich
 78542 | Vaults:5 | Noticed a dread lich
 78583 | Vaults:5 | Killed a dread lich
 78596 | Vaults:5 | Killed a dread lich
 78852 | Vaults:5 | Identified the +8 giant spiked club "Ahicirupt" {holy,
                  | Stlth+}
 79089 | Vaults:5 | Noticed a dread lich
 79126 | Vaults:5 | Killed a dread lich
 79197 | Vaults:5 | Got a silver rune of Zot
 79269 | Vaults:5 | Identified the +9 scimitar "Xoset" {vorpal, +Blink Str+2}
 79983 | Vaults:5 | Noticed Saint Roka
 80004 | Vaults:5 | Killed Saint Roka
 80524 | Depths:3 | Killed Thargor's ghost
 80525 | Depths:3 | Reached skill level 22 in Fighting
 80541 | Depths:3 | Identified the amulet "Jearuxepn" {RegenMP rElec rCorr}
 80718 | Depths:4 | Killed a juggernaut
 80763 | Depths:4 | Killed Xutext's ghost
 81041 | Depths:4 | Identified the +0 hat of Too Many Cooks {Fly Int+4 SInv}
 81503 | Slime:1  | Entered Level 1 of the Pits of Slime
 81823 | Slime:3  | Gained mutation: Your movements are slightly less
                  | encumbered by armour. (ER -2) [a shining eye]
 82092 | Slime:5  | Entered Level 5 of the Pits of Slime
 82318 | Slime:5  | Gained mutation: You are clumsy. (Dex -2) [a shining eye]
 82760 | Slime:5  | Noticed the Royal Jelly
 82816 | Slime:5  | Gained mutation: You are frail. (-10% HP) [a shining eye]
 82852 | Slime:5  | Found a viscous altar of Jiyva.
 82866 | Slime:5  | Killed the Royal Jelly
 82937 | Slime:5  | Got a slimy rune of Zot
 82938 | Slime:5  | Identified the +4 plate armour of the Dolphin {-Cast Str+6
                  | SInv}
 82964 | Slime:5  | Identified the +3 ring mail "Puc Verr" {rN+ Int+5}
 82965 | Slime:5  | Identified the +3 ring mail of the Forest {-Cast Int-3
                  | Dex+7}
 82999 | Slime:5  | Got the Volume of Creative Changing
 83557 | Zig:1    | Entered Level 1 of a ziggurat
 83558 | Zig:1    | Noticed Funyoq the pandemonium lord
 83581 | Zig:1    | Killed Funyoq the pandemonium lord
 83595 | Zig:2    | Entered Level 2 of a ziggurat
 83645 | Zig:3    | Entered Level 3 of a ziggurat
 83694 | Zig:3    | Learned a level 5 spell: Irradiate
 83699 | Zig:4    | Entered Level 4 of a ziggurat
 83738 | Zig:4    | Got the Reference Book on the Freezing Voyage
 83868 | Zig:5    | Entered Level 5 of a ziggurat
 83872 | Zig:5    | Noticed an ancient lich
 83892 | Zig:5    | Killed an ancient lich
 84019 | Zig:6    | Entered Level 6 of a ziggurat
 84056 | Zig:6    | Identified the ring of Ivobim {MP+9 Slay+3}
 84086 | Zig:7    | Entered Level 7 of a ziggurat
 84220 | Zig:8    | Entered Level 8 of a ziggurat
 84276 | Zig:8    | Got Gyruge's Catalogue of Flight and Evil
 84302 | Zig:9    | Entered Level 9 of a ziggurat
 84311 | Zig:9    | Reached skill level 5 in Hexes
 84353 | Zig:9    | Identified the +4 halberd "Dato" {holy, Str+3}
 84427 | Depths:4 | Lost mutation: You are clumsy. (Dex -2) [potion of
                  | mutation]
 84427 | Depths:4 | Lost mutation: Your movements are slightly less encumbered
                  | by armour. (ER -2) [potion of mutation]
 84427 | Depths:4 | Gained mutation: You are very frail. (-20% HP) [potion of
                  | mutation]
 84427 | Depths:4 | Gained mutation: Your mind is acute. (Int +2) [potion of
                  | mutation]
 84428 | Depths:4 | Lost mutation: You are very frail. (-20% HP) [potion of
                  | mutation]
 84428 | Depths:4 | Lost mutation: You are frail. (-10% HP) [potion of
                  | mutation]
 84428 | Depths:4 | Lost mutation: Your mind is acute. (Int +2) [potion of
                  | mutation]
 84428 | Depths:4 | Gained mutation: You have large cloven feet. [potion of
                  | mutation]
 84461 | Pan      | Entered Pandemonium
 84621 | Pan      | Identified the +4 chain mail of Urasaupt {rF+ MP+9 Slay+3}
 85005 | Pan      | Noticed Ziqoq the pandemonium lord
 85021 | Pan      | Killed Ziqoq the pandemonium lord
 85195 | Pan      | Learned a level 2 spell: Passwall
 85217 | Pan      | Learned a level 5 spell: Manifold Assault
 85367 | Pan      | Got a demonic rune of Zot
 85507 | Pan      | Entered the realm of Mnoleg.
 85507 | Pan      | Noticed Mnoleg
 85509 | Pan      | Gained mutation: You are frail. (-10% HP) [a shining eye]
 85513 | Pan      | Reached skill level 5 in Conjurations
 85513 | Pan      | Gained mutation: You occasionally shout uncontrollably at
                  | your foes. [a shining eye]
 85516 | Pan      | Lost mutation: You are frail. (-10% HP) [a neqoxec]
 85517 | Pan      | Gained mutation: You are weak. (Str -2) [a shining eye]
 85521 | Pan      | Gained mutation: You sometimes lose the ability to read
                  | scrolls when taking damage. [a neqoxec]
 85531 | Pan      | Gained mutation: Your magical capacity is low. (-10% MP) [a
                  | cacodemon]
 85573 | Pan      | Paralysed by a floating eye for 2 turns
 85578 | Pan      | Killed Mnoleg
 85580 | Pan      | Identified the +0 pair of boots of the Depths {Dex+4}
 85608 | Pan      | Reached skill level 23 in Fighting
 85770 | Pan      | Got a glowing rune of Zot
 85823 | Pan      | Reached skill level 5 in Stealth
 85883 | Pan      | Lost mutation: You are weak. (Str -2) [potion of mutation]
 85883 | Pan      | Lost mutation: You occasionally shout uncontrollably at
                  | your foes. [potion of mutation]
 85883 | Pan      | Gained mutation: You possess an exceptional clarity of
                  | mind. [potion of mutation]
 85883 | Pan      | Gained mutation: You are clumsy. (Dex -2) [potion of
                  | mutation]
 85883 | Pan      | Gained mutation: You are strong-willed. (Will+) [potion of
                  | mutation]
 85884 | Pan      | Lost mutation: You have large cloven feet. [potion of
                  | mutation]
 85884 | Pan      | Lost mutation: You possess an exceptional clarity of mind.
                  | [potion of mutation]
 85884 | Pan      | Lost mutation: Your magical capacity is low. (-10% MP)
                  | [potion of mutation]
 85884 | Pan      | Gained mutation: You occasionally shout uncontrollably at
                  | your foes. [potion of mutation]
 85884 | Pan      | Gained mutation: You are partially covered in iridescent
                  | scales. (AC +2) [potion of mutation]
 85884 | Pan      | Gained mutation: Your spells are a little harder to cast,
                  | but a little more powerful. [potion of mutation]
 85885 | Pan      | Lost mutation: Your spells are a little harder to cast, but
                  | a little more powerful. [potion of mutation]
 85885 | Pan      | Lost mutation: You are strong-willed. (Will+) [potion of
                  | mutation]
 85885 | Pan      | Gained mutation: You have hidden genetic defects. [potion
                  | of mutation]
 85885 | Pan      | Gained mutation: You are partially covered in large bone
                  | plates. (SH +4) [potion of mutation]
 85886 | Pan      | Lost mutation: You are partially covered in iridescent
                  | scales. (AC +2) [potion of mutation]
 85886 | Pan      | Lost mutation: You are clumsy. (Dex -2) [potion of
                  | mutation]
 85886 | Pan      | Gained mutation: You are clumsy. (Dex -2) [potion of
                  | mutation]
 85886 | Pan      | Gained mutation: Your spells are a little harder to cast,
                  | but a little more powerful. [potion of mutation]
 85886 | Pan      | Gained mutation: You are partially covered in iridescent
                  | scales. (AC +2) [potion of mutation]
 85887 | Pan      | Lost mutation: You sometimes lose the ability to read
                  | scrolls when taking damage. [potion of mutation]
 85887 | Pan      | Lost mutation: Your spells are a little harder to cast, but
                  | a little more powerful. [potion of mutation]
 85888 | Pan      | Lost mutation: You are partially covered in iridescent
                  | scales. (AC +2) [potion of mutation]
 85888 | Pan      | Lost mutation: You have hidden genetic defects. [potion of
                  | mutation]
 85888 | Pan      | Lost mutation: You are partially covered in large bone
                  | plates. (SH +4) [potion of mutation]
 85888 | Pan      | Gained mutation: You possess an exceptional clarity of
                  | mind. [potion of mutation]
 85888 | Pan      | Gained mutation: You frequently scream uncontrollably at
                  | your foes. [potion of mutation]
 86252 | Pan      | Entered the realm of Lom Lobon.
 87099 | Pan      | Noticed Lom Lobon
 87163 | Pan      | Killed Lom Lobon
 87187 | Pan      | Got a magical rune of Zot
 87391 | Pan      | Entered the realm of Gloorx Vloq.
 87750 | Pan      | Reached skill level 5 in Translocations
 88018 | Pan      | Noticed Gloorx Vloq
 88426 | Pan      | Got a dark rune of Zot
 88534 | Pan      | Entered the realm of Cerebov.
 88822 | Pan      | Identified the +11 morningstar of Pykithramu {vorpal,
                  | Contam Int+2 Stlth+}
 88872 | Pan      | Found an exit through the horrors of the Abyss.
 89182 | Pan      | Reached skill level 24 in Fighting
 89254 | Pan      | Found the +6 sword of Cerebov {flame}
 89254 | Pan      | Noticed Cerebov
 89447 | Pan      | Killed Cerebov
 89454 | Pan      | Identified the ring of the Mackerel {rC++ rCorr}
 89532 | Pan      | Identified the +2 buckler of Antique Knowledge {rPois
                  | Will+}
 89578 | Pan      | Got the Catalogue of Displaced Fire
 89581 | Pan      | Identified the +6 scale mail "Xinuazxoivi" {Regen+ rCorr
                  | Dex+6 Stlth+}
 89645 | Pan      | Identified the +2 dagger of Fumiurphi {pain, rF+}
 89701 | Pan      | Got a fiery rune of Zot
 89782 | Pan      | Took an exit into the Abyss.
 89782 | Abyss:1  | Escaped into the Abyss
 90039 | Abyss:1  | Gained mutation: You are dopey. (Int -2) [a neqoxec]
 90216 | Abyss:2  | Found a corrupted altar of Lugonu.
 90503 | Abyss:2  | Paralysed by accursed screaming for 1 turns
 90758 | Abyss:2  | Paralysed by accursed screaming for 1 turns
 90957 | Abyss:2  | Found a corrupted altar of Lugonu.
 91075 | Abyss:2  | Found a corrupted altar of Lugonu.
 91580 | Abyss:3  | Got an abyssal rune of Zot
 91691 | Depths:4 | Escaped the Abyss
 91714 | Zot:1    | Entered Level 1 of the Realm of Zot
 91735 | Zot:2    | Acquired 727 gold pieces
 92004 | Zot:1    | HP: 6/192 [green draconian monk (11)]
 92005 | Zot:1    | HP: 2/192 [green draconian monk (12)]
 92005 | Zot:1    | Elyvilon protects you from harm!
 92005 | Zot:1    | Elyvilon protects you from harm!
 92007 | Zot:1    | Mangled by a tentacled monstrosity

Illustrated notes

Levels and vault maps discovered:
D:1:      nagdon_arrival_double_spiral, layout_loops_ring, dk_noncrumbling_2
D:2:      layout_loops_corners
D:3:      layout_loops_cross, minmay_misc_feat_chi, uniq_natasha
D:4:      layout_loops_ring, mainiacjoe_overflow_boulevard, uniq_blork_the_orc,
          uniq_grinder
D:5:      layout_loops_corners, mainiacjoe_overflow_divided_tiny,
          nrook_loot_triangle, minmay_manual_mares, uniq_prince_ribbit1
D:6:      layout_loops_corners, minmay_temple_entry_grid, st_stairs_4
D:7:      layout_basic, uniq_duvessa
D:8:      layout_loops_cross, nicolae_sif_muna_condensation, special_room
          [special_room_orc], minmay_fountain_box, kennysheep_nondescript,
          uniq_harold
D:9:      layout_basic, due_lair_maze_entry_diamond
D:10:     layout_loops_cross, gammafunk_ghost_wrathful_warriors
D:11:     layout_loops_ring, orc_0_dummy, laboratory
D:12:     layout_basic, serial_shops, shop, minmay_bent
D:13:     layout_cave_pods, portal_ice_cave_entry_imps, fedhas_altar_1
D:14:     minmay_the_grid_octo_triangle [minmay_the_grid_octo_clover,
          minmay_the_grid_octo_prize_ultimate_mussel_roller,
          minmay_the_grid_octo_concentric], layout_small_grid,
          hangedman_abyss_or_decor_passed
D:15:     gammafunk_depths_entry_grave, layout_rooms,
          nicolae_shop_sticking_my_neck_out
Temple:   eino_narrow_crystal_temple
Lair:1:   layout_gridlike, uniq_gastronok
Lair:2:   layout_regular_city, shoals_dummy_entry,
          nicolae_spider_entry_tight_spaces, wad_woods_road_02, worms_lemuel,
          grunt_megastairs_3, uniq_maggie
Lair:3:   layout_gridlike, serial_bayou, serial_bayou_shore_b,
          serial_bayou_pond_d, serial_bayou_ford_a, serial_bayou_lagoon_b,
          chequers_serial_rivers_room_a, serial_bayou_shore_b,
          infiniplex_staircase_pool, uniq_rupert
Lair:4:   layout_regular_city
Lair:5:   layout_cave_pods, gammafunk_ghost_abyssal_escape,
          serial_bayou_crossing
Lair:6:   cheibrodos_lair_end_hotspot, layout_long_grid, slime_dummy,
          basic_altar, st_stairs_13, small_statue_intersection,
          lookout_lair_type
Shoals:1: layout_shoals, nicolae_shoals_loop_pool
Shoals:2: layout_shoals, ebering_ghost_xom
Shoals:3: layout_shoals, uniq_ilsuiw
Shoals:4: shoals_end_hellmonk_lost_city, uniq_polyphemus, uniq_nikola
Spider:1: layout_spider_delve, spiders_nest_hornet_nest
Spider:2: nicolae_spider_hilbert_zone_2 [nicolae_spider_hilbert_4_sides_1_open,
          nicolae_spider_hilbert_4_sides_1_open,
          nicolae_spider_hilbert_4_sides_1_open,
          nicolae_spider_hilbert_4_sides_1_open,
          nicolae_spider_hilbert_6_sides_1_open,
          nicolae_spider_hilbert_6_sides_1_open,
          nicolae_spider_hilbert_3_sides_1_open,
          nicolae_spider_hilbert_3_sides_1_open,
          nicolae_spider_hilbert_3_sides_1_open,
          nicolae_spider_hilbert_3_sides_1_open,
          nicolae_spider_hilbert_6_sides_1_open,
          nicolae_spider_hilbert_6_sides_1_open,
          nicolae_spider_hilbert_6_sides_1_open,
          nicolae_spider_hilbert_6_sides_1_open], drop_trap
Spider:3: layout_spider_delve, hangedman_spider_tarantella_strand,
          uniq_bai_suzhen, uniq_jorgrun, uniq_aizul, uniq_agnes
Spider:4: spider_rune_water
Slime:1:  layout_caves
Slime:2:  layout_caves, uniq_dissolution
Slime:3:  layout_caves
Slime:4:  layout_caves
Slime:5
Orc:1:    layout_caves, uniq_fannar
Orc:2:    st_orc_congregation, layout_diamond_mine, elves_outpost_lemuel
Elf:1:    layout_loops_corners, serial_shops, nicolae_shop_overgrown_old_shop,
          hangedman_elf_represent
Elf:2:    elven_hall_of_blades_hangedman_original
          [nicolae_blade_entry_pointy_end], layout_geoelf_octagon,
          serial_sigils, serial_sigils_hangedman_clutch,
          serial_sigils_hangedman_quiver, serial_sigils_hangedman_gnaw,
          basic_altar, uniq_roxanne
Elf:3:    minmay_elf_hall_quartered_circle, layout_geoelf_octagon
Vaults:1: nicolae_vaults_puzzle_piece, nicolae_vaults_ninety_degrees,
          hangedman_vaults_trim, ontoclasm_vaults_misaligned, v_misc_30,
          grunt_vaults_diagonal, v_misc_15, grunt_vaults_trifunnel,
          hangedman_vaults_nails, vaults_room_grid, layout_vaults_omnicross
Vaults:2: v_alt_pattern_4, hangedman_vaults_capsules, hangedman_vaults_impose,
          hangedman_vaults_corner_blocks, minmay_crypt_entry_nasty_monster,
          nicolae_vaults_specimen_jars, ontoclasm_vaults_decontamination,
          nicolae_vaults_gold_heap, v_misc_11, vaults_room_fours,
          vaults_room_fours, v_pattern_5, layout_vaults_big_room
Vaults:3: vaults_room_large_hall, grunt_vaults_funnel, vaults_room_octagon,
          nicolae_vaults_triangles, nicolae_vaults_asterisk,
          nicolae_vaults_diagonal_hallway_8, hangedman_vaults_trim,
          nicolae_vaults_mini_display_case, layout_vaults_quadrants,
          serial_shops, nicolae_shop_bloodbath_and_beyond
Vaults:4: hangedman_vaults_nodes, v_misc_19, vaults_room_pools,
          hangedman_vaults_variations, nicolae_vaults_little_squares_2,
          dpeg_vaults_monster_row, v_misc_11, v_rooms_5, vaults_room_grid,
          v_misc_30, ontoclasm_vaults_ligature, nicolae_vaults_little_squares_4,
          layout_vaults_maze_bifur, serial_shops, shop, uniq_mennas, uniq_jory,
          uniq_margery
Vaults:5: serial_shops, uniq_xtahua, uniq_saint_roka
Crypt:1:  layout_gridlike, ebering_ghost_inner_flame, lemuel_upstairs_altar
Crypt:2:  layout_rooms, hex_medium
Crypt:3:  evilmike_haunted_forest, uniq_mara
Depths:1: layout_big_octagon, lightli_too_deep, infiniplex_enter_wizlab_spiral,
          tso_metal_star, minmay_shoptagon, grunt_megastairs_2
Depths:2: gammafunk_depths_water_palace, layout_gridlike,
          hangedman_abyss_entry_splay, rand_demon_pan_entry_1, hell_entry,
          nicolae_uskayaw_dance_hall
Depths:3: wad_mega_maze, layout_cave_pools, enter_trove_0,
          biasface_ghost_demon_polymorph, special_room [special_room_jelly],
          grunt_hell_entry_dis_old, nrook_pool_corridor, abyss_entry,
          kennysheep_generic_room_14, uniq_enchantress, uniq_frederick
Depths:4: evilmike_zot_entry_argh, layout_gridlike, enter_ziggurat_c,
          gammafunk_ghost_tricky_traps, rand_demon_pan_entry_7,
          grunt_decor_fettered, hell_entry
Zot:1:    layout_onion, evilmike_ambush [evilmike_ambush_outer_basic,
          evilmike_ambush_inner_basic]
Zot:2:    layout_gridlike, gammafunk_ghost_ooze, st_grand_hoard_of_tiamat

Skill      XL: |  1  2  3  4  5  6  7  8  9 10 11 12 13 14 15 16 17 18 19 20 21 22 23 24 25 26 27 |
---------------+----------------------------------------------------------------------------------+-----
Shields        | 1 2 3 4 6 8 9 11 14 18 | 18.4
Poison Magic   | 4 5 6 8 10 12 13 14 15 16 | 16.0
Fighting       | 1 2 3 4 5 6 8 9 10 11 12 14 15 16 17 18 19 20 21 24 | 24.4
Spellcasting   | 3 4 5 6 7 8 10 | 10.0
Maces & Flails | 4 8 10 12 13 15 16 17 18 | 18.8
Conjurations   | 2 6 |  6.0
Invocations    | 2 9 10 12 13 14 16 | 16.4
Dodging        | 2 4 5 6 9 |  9.7
Armour         | 3 6 8 10 12 13 14 15 20 | 20.5
Stealth        | 3 4 5 |  5.0
Axes           | 2 5 6 |  6.0
Transmutations | 1 5 8 12 13 14 | 14.0
Polearms       | 5 9 11 12 13 15 20 | 20.3
Translocations | 2 4 8 |  8.5
Hexes          | 2 4 6 |  6.0

Action                   |  1- 3 |  4- 6 |  7- 9 | 10-12 | 13-15 | 16-18 | 19-21 | 22-24 | 25-27 || total
-------------------------+-------+-------+-------+-------+-------+-------+-------+-------+-------++-------
Melee: Whip              |     3 |    30 |   144 |   319 |   865 |   682 |       |       |       ||  2043
       Staff             |     1 |    17 |     4 |     3 |    94 |   336 |   114 |    63 |    16 ||   648
       Mace              |       |       |     9 |       |   273 |   305 |       |       |       ||   587
       Spear             |       |       |    21 |       |       |       |       |       |       ||    21
       Broad axe         |       |       |       |       |       |   135 |  1303 |   279 |   306 ||  2023
       Lance             |       |       |       |       |       |       |   203 |   766 |  4869 ||  5838
       Morningstar       |       |       |       |       |       |       |    47 |    24 |       ||    71
Throw: Stone             |       |       |     1 |     2 |     3 |       |       |       |       ||     6
       Throwing net      |       |       |     1 |     4 |     2 |     1 |     3 |       |     2 ||    13
       Dart              |       |       |       |       |       |     1 |     2 |       |       ||     3
 Cast: Sting             |    67 |    69 |   120 |   182 |   330 |   377 |   229 |    51 |    73 ||  1498
       Poisonous Vapours |     4 |    11 |    38 |    20 |    54 |   155 |    99 |    55 |    88 ||   524
       Mephitic Cloud    |       |       |    24 |    41 |   104 |   136 |   228 |    97 |   132 ||   762
       Olgreb's Toxic Ra |       |       |     5 |    26 |    59 |    87 |    92 |    52 |    26 ||   347
       Eringya's Noxious |       |       |       |       |       |       |     3 |     2 |    32 ||    37
       Alistair's Intoxi |       |       |       |       |       |       |     2 |    10 |     1 ||    13
       Yara's Violent Un |       |       |       |       |       |       |       |    24 |   108 ||   132
       Irradiate         |       |       |       |       |       |       |       |       |    19 ||    19
       Manifold Assault  |       |       |       |       |       |       |       |       |     1 ||     1
Invok: Purification      |       |       |     1 |       |       |       |     1 |       |     3 ||     5
       Heal Other        |       |       |       |    10 |    21 |    29 |     7 |     3 |    24 ||    94
       Heal Self         |       |       |       |     1 |     3 |       |    16 |     7 |    23 ||    50
       Divine Vigour     |       |       |       |       |       |       |       |     1 |     3 ||     4
Evoke: Wand              |       |       |     3 |    25 |    30 |    25 |     6 |     8 |    13 ||   110
       Phial of floods   |       |       |       |       |       |     1 |     2 |       |     1 ||     4
       Phantom mirror    |       |       |       |       |       |       |       |       |     3 ||     3
  Use: Scroll            |       |     6 |     6 |     5 |    13 |    15 |    31 |    11 |    47 ||   134
       Potion            |       |     2 |     4 |     4 |       |     8 |    12 |     9 |    31 ||    70
 Stab: Distracted        |       |       |     1 |       |     1 |       |       |       |     7 ||     9
       Confused          |       |       |     2 |     6 |    47 |    53 |   110 |    37 |    76 ||   331
       Invisible         |       |       |       |     2 |       |       |       |       |    38 ||    40
       Paralysed         |       |       |       |       |     8 |       |       |       |       ||     8
       Sleeping          |       |       |       |       |     1 |     1 |     4 |     1 |     3 ||    10
       Petrified         |       |       |       |       |       |     7 |       |       |       ||     7
       Held in net/web   |       |       |       |       |       |       |     2 |       |     1 ||     3
Armor: Robe              |     3 |    36 |    66 |    57 |       |       |       |       |       ||   162
       Steam dragon scal |       |       |       |    66 |   217 |       |       |       |       ||   283
       Troll leather arm |       |       |       |       |   152 |   850 |   949 |   391 |       ||  2342
       Skin              |       |       |       |       |     1 |       |       |       |       ||     1
       Acid dragon scale |       |       |       |       |       |       |       |   137 |  1549 ||  1686
       Scale mail        |       |       |       |       |       |       |       |       |   234 ||   234
Dodge: Dodged            |    14 |    69 |   145 |   218 |   529 |   803 |   902 |   361 |  1381 ||  4422
Block: Buckler           |     7 |    21 |    42 |    55 |   179 |   479 |   563 |   268 |    43 ||  1657
       Kite shield       |       |       |       |       |       |       |       |       |  2717 ||  2717
       Reflection        |       |       |       |       |       |       |       |       |    40 ||    40
